 Dungeon Crawl Stone Soup version 0.28-a0-938-gbc3f381ebc (webtiles) character file.

Game seed: 9576666490765165161

1332 lunkers the Grappler (level 8, -3/81 HPs)
             Began as a Troll Cinder Acolyte on Nov 29, 2021.
             Was a High Priest of Ignis.
             Slain by a bullfrog skeleton (5 damage)
             ... on level 5 of the Dungeon on Nov 30, 2021.
             The game lasted 00:06:47 (3256 turns).

lunkers the Grappler (Troll Cinder Acolyte)         Turns: 3256, Time: 00:06:48

Health: -3/81      AC:  4    Str: 23    XL:     8   Next: 34%
Magic:  0/8        EV:  9    Int: 10    God:    Ignis [*****.]
Gold:   202        SH:  0    Dex:  7    Spells: 9/9 levels left

rFire   + . .      SeeInvis .     - Unarmed
rCold   . . .      Faith    .   (no shield)
rNeg    . . .      Spirit   +   a - +0 robe
rPois   .          Reflect  .   (helmet restricted)
rElec   .          Harm     .   (no cloak)
rCorr   .          Rampage  .   (gloves unavailable)
Will    .....                   (boots unavailable)
Stlth   +.........              b - amulet of guardian spirit
HPRegen 1.03/turn               (no ring)
MPRegen 0.11/turn               (no ring)

@: lethally poisoned (-3 -> -4)
A: large, unfitting armour, claws 3, regeneration 1, shaggy fur 1, tough skin 1
a: Renounce Religion, Fiery Armour, Foxfire Swarm, Rising Flame


You were on level 5 of the Dungeon.
You worshipped Ignis.
Ignis was extremely pleased with you.
You visited 1 branch of the dungeon, and saw 5 of its levels.

You collected 202 gold pieces.

Inventory:

Missiles
 c - 56 stones
 d - 23 poisoned darts (quivered)
 j - a boomerang
Armour
 a - a +0 robe (worn)
Jewellery
 b - an amulet of guardian spirit (around neck)
Scrolls
 i - a scroll of teleportation
 k - a scroll of fear {unknown}
 m - a scroll of enchant armour {unknown}
Potions
 e - 3 potions of flight
 f - a potion of mutation
 g - 2 potions of resistance
 h - a potion of cancellation {unknown}
 l - a potion of brilliance {unknown}
 n - a potion of degeneration {unknown}


   Skills:
 + Level 5.4 Fighting
 * Level 8.9 Unarmed Combat
 - Level 1.0 Spellcasting
 - Level 2.1 Fire Magic


You had 9 spell levels left.
You didn't know any spells.
Your spell library contained the following spells:

 Spells                   Type           Power      Damage    Failure   Level
 Scorch                   Fire           8%         2d5       22%         2
 Animate Skeleton         Necr           0%         N/A       34%         1
 Apportation              Tloc           0%         N/A       34%         1
 Summon Small Mammal      Summ           0%         N/A       34%         1
 Ozocubu's Armour         Ice            0%         N/A       71%         3
 Flame Wave               Conj/Fire      2%         2d4       91%         4
 Summon Cactus Giant      Summ           0%         N/A       100%        6
 Ozocubu's Refrigeration  Ice            0%         4d5       100%        7


Dungeon Overview and Level Annotations

Branches:
Dungeon (5/15)
 Temple: D:4-7

Altars:


Innate Abilities, Weirdness & Mutations

You are too large for most types of armour.
You have claws for hands.
Your natural rate of healing is unusually fast.
You are covered in fur. (AC +1)
You have tough skin. (AC +1)


Message History

You feel very sick.
The killer bee stings you but does no damage.
Unknown command.
You scratch the killer bee but do no damage.
The killer bee is severely wounded.
You feel very sick. The killer bee barely misses you.
The killer bee misses you.
Unknown command.
You miss the killer bee. Your claw misses the killer bee.
The killer bee is severely wounded.
You feel very sick. The killer bee stings you!
* * * LOW HITPOINT WARNING * * *
The killer bee barely misses you.
You claw the killer bee!
You kill the killer bee!
You feel sick.
Unknown command.
You barely miss the bullfrog skeleton.
You feel sick.
The bullfrog skeleton closely misses you.
Unknown command.
You barely miss the bullfrog skeleton.
You feel sick. The bullfrog skeleton hits you.
* * * LOW HITPOINT WARNING * * *
You scratch the bullfrog skeleton.
The bullfrog skeleton is lightly damaged.
You feel sick. The bullfrog skeleton hits you.
* * * LOW HITPOINT WARNING * * *
Unknown command.
You feel sick.
The bullfrog skeleton hits you but does no damage.
You barely miss the bullfrog skeleton.
The bullfrog skeleton is lightly damaged.
You feel sick. The bullfrog skeleton hits you.
* * * LOW MAGIC WARNING * * *
* * * LOW HITPOINT WARNING * * *
You mangle the bullfrog skeleton!!
The bullfrog skeleton is almost destroyed.
The bullfrog skeleton hits you.
You die...

#.....#
#......# .#
#.....#
#......# .#
#.....#
######.# .#
#######
#.##.# #
#..#.# #
##.#.# #
#.#.# #...#
..######@.#
..'.(..Z.>#
..#########


You could see a bullfrog skeleton.

Vanquished Creatures
  Sigmund (D:3)
  Eustachio (D:4)
  A water moccasin (D:5)
  A black bear (D:5)
  A necrophage (D:5)
  A phantom (D:4)
  A scorpion (D:5)
  3 killer bees (D:5)
  A bullfrog zombie (D:5)
  2 hounds
  A centaur skeleton (D:4)
  A gnoll shaman (D:4)
  Jessica (D:3)
  4 iguanas
  11 gnolls
  A howler monkey skeleton (D:4)
  An adder (D:2)
  3 worms
  3 dart slugs (D:1)
  5 orcs
  3 bats
  An endoplasm (D:2)
  5 giant cockroaches
  4 hobgoblins
  3 jackals (D:2)
  3 quokkas
  9 ball pythons
  2 frilled lizards (D:3)
  4 goblins
  4 kobolds
  6 rats
88 creatures vanquished.

Notes
Turn   | Place    | Note
-------+----------+-------------------------------------------
     0 | D:1      | lunkers the Troll Cinder Acolyte began the quest for the
                  | Orb.
     0 | D:1      | Reached XP level 1. HP: 22/22 MP: 1/1
    92 | D:1      | Reached XP level 2. HP: 29/29 MP: 0/2
   680 | D:2      | Reached XP level 3. HP: 34/36 MP: 1/3
   867 | D:2      | Reached skill level 4 in Unarmed Combat
  1157 | D:2      | Found a faded altar of an unknown god.
  1265 | D:3      | Noticed Sigmund
  1278 | D:3      | Reached XP level 4. HP: 36/45 MP: 1/4
  1401 | D:3      | Killed Sigmund
  1402 | D:3      | Reached skill level 5 in Unarmed Combat
  1402 | D:3      | Reached XP level 5. HP: 54/54 MP: 3/5
  1471 | D:3      | Noticed Jessica
  1520 | D:2      | Reached XP level 6. HP: 14/62 MP: 1/6
  1521 | D:2      | HP: 3/62 [gnoll (6)]
  1600 | D:3      | Killed Jessica
  1601 | D:3      | Reached skill level 6 in Unarmed Combat
  2047 | D:4      | Noticed Eustachio
  2091 | D:4      | Killed Eustachio
  2203 | D:4      | Reached XP level 7. HP: 62/70 MP: 5/7
  2418 | D:4      | Reached skill level 7 in Unarmed Combat
  2705 | D:5      | Entered Level 5 of the Dungeon
  2827 | D:5      | Reached skill level 5 in Fighting
  2827 | D:5      | Reached skill level 8 in Unarmed Combat
  2851 | D:5      | Reached XP level 8. HP: 79/80 MP: 8/8
  3253 | D:5      | HP: 2/81 [bullfrog skeleton (3)]
  3256 | D:5      | Slain by a bullfrog skeleton

Illustrated notes

Levels and vault maps discovered:
D:1:      eino_arrival_tree_alley, layout_basic
D:2:      layout_loops_ring, shapermc_ecumenical_altar_flowoftime,
          minmay_tiny_reverse_x
D:3:      layout_rooms, chequers_arboretum, chequers_serial_rivers_small_3,
          kennysheep_generic_room_4, uniq_sigmund, uniq_jessica
D:4:      layout_basic, hangedman_decor_push, uniq_eustachio
D:5:      layout_basic, uniq_grinder

Skill      XL: |  1  2  3  4  5  6  7 |
---------------+----------------------+-----
Unarmed Combat | 4 5 6 8 |  8.9
Fighting       | 3 4 5 |  5.4
Spellcasting   | |  1.0
Fire Magic     | |  2.1

Action                   |  1- 3 |  4- 6 |  7- 9 || total
-------------------------+-------+-------+-------++-------
Melee: Unarmed           |    97 |   126 |    96 ||   319
       Punch             |       |     2 |     4 ||     6
Throw: Dart              |     5 |    13 |    19 ||    37
  Use: Scroll            |     5 |     3 |       ||     8
       Potion            |       |     1 |       ||     1
Armor: Robe              |    32 |    44 |    20 ||    96
Dodge: Dodged            |    31 |    62 |    51 ||   144

Table legend: (Time is in decaauts)
 A = Elapsed time spent in this place.
 B = Non-inter-level travel time spent in this place.
 C = Inter-level travel time spent in this place.
 D = Time resting spent in this place.
 E = Time spent auto-exploring this place.
 F = Levels seen in this place.
 G = Mean time per level.
                   A        B        C        D        E       F      G
               +--------+--------+--------+--------+--------+-----+--------+
         Total |   3229 |   3119 |    110 |     95 |   2265 |   5 |  645.8 |
       Dungeon |   3229 |   3119 |    110 |     95 |   2265 |   5 |  645.8 |
               +--------+--------+--------+--------+--------+-----+--------+

Top non-repeatable levels by time:
     D:2: 811 daAuts
     D:4: 681 daAuts
     D:3: 637 daAuts
     D:1: 555 daAuts
     D:5: 542 daAuts
